 Dungeon Crawl Stone Soup version 0.26-a0-540-g8a0c9464d7 (webtiles) character file.

Game seed: 9901213587079575615

76577 kae the Fencer (level 15, -18/135 HPs)
             Began as a Palentonga Fighter on Aug 23, 2020.
             Was the Champion of Okawaru.
             Killed from afar by a necromancer (22 damage)
             ... with a bolt of cold
             ... on level 15 of the Dungeon.
             The game lasted 00:25:02 (30050 turns).

kae the Fencer (Palentonga Fighter)                Turns: 30050, Time: 00:25:02

Health: -18/135    AC: 20    Str: 27    XL:     15   Next: 12%
Magic:  21/21      EV:  7    Int:  9    God:    Okawaru [******]
Gold:   2814       SH:  0    Dex:  6    Spells: 14/14 levels left

rFire    . . .     SeeInvis +   a - +1 great sword of Xuotiamn {vamp, rN+ MR+ Str+2 Dex-4}
rCold    . . .     Faith    .   (shield currently unavailable)
rNeg     + . .     Spirit   .   Q - +1 steam dragon scales
rPois    +         Reflect  .   (no helmet)
rElec    .         Harm     .   A - +0 cloak
rCorr    .                      (no gloves)
MR       ++...                  O - +4 barding {Stlth+}
Stlth    ++........             (no amulet)
HPRegen  0.32/turn              s - ring of poison resistance
MPRegen  0.17/turn              x - +4 ring of protection

@: no status effects
A: large, rugged brown scales 3, see invisible, deformed body, roll, armoured
tail
a: Rolling Charge, Heroism, Finesse, Renounce Religion


You were on level 15 of the Dungeon.
You worshipped Okawaru.
Okawaru was exalted by your worship.
You visited 3 branches of the dungeon, and saw 21 of its levels.
You also visited: Volcano.

You collected 2814 gold pieces.

Inventory:

Hand Weapons
 a - the +1 great sword of Xuotiamn (weapon) {vamp, rN+ MR+ Str+2 Dex-4}
   (Okawaru gifted it to you on level 6 of the Lair of Beasts)

   It inflicts no extra harm, but heals its wielder when it wounds a living foe.
   It affects your strength (+2).
   It affects your dexterity (-4).
   It protects you from negative energy.
   It affects your resistance to hostile enchantments.
 b - a +2 triple sword of flaming
 D - a +0 long sword
 K - a +6 falchion of freezing
 S - a +2 demon blade of flaming
 U - a +2 scimitar of flaming
Armour
 c - a +0 kite shield
 p - a +1 scale mail
 A - a +0 cloak (worn)
 O - a +4 barding of stealth (worn)
 Q - +1 steam dragon scales (worn)
Jewellery
 s - a ring of poison resistance (left hand)
 x - a +4 ring of protection (right hand)
 y - an uncursed ring of wizardry
 C - an uncursed ring of protection from cold
 E - an uncursed ring of protection from fire
 J - an uncursed ring of positive energy
 M - an uncursed amulet of the acrobat
 V - an uncursed amulet of faith
Wands
 o - a wand of random effects (35)
 H - a wand of iceblast (19)
 L - a wand of acid (6)
 R - a wand of flame (17)
 T - a wand of enslavement (18)
 X - a wand of digging (4)
Scrolls
 h - 6 scrolls of blinking
 n - 7 scrolls of remove curse
 r - 7 scrolls of teleportation
 t - 4 scrolls of magic mapping
 z - 5 scrolls of fear
 B - 3 scrolls of silence
 G - 3 scrolls of fog
 W - a scroll of amnesia
Potions
 d - 4 potions of might
 e - 4 potions of resistance
 f - 5 potions of brilliance
 i - 3 potions of haste
 j - 5 potions of lignification
 k - 7 potions of curing
 l - 3 potions of magic
 m - 7 potions of stabbing
 q - 4 potions of mutation
 u - 4 potions of heal wounds
 v - 5 potions of flight
 w - a potion of ambrosia
 F - 3 potions of cancellation
 I - 2 potions of berserk rage
Miscellaneous
 N - a condenser vane (2/2)


   Skills:
 + Level 14.9 Fighting
 * Level 19.8 Long Blades
 - Level 2.4 Armour
 - Level 2.4 Shields
 - Level 8.0 Invocations


You had 14 spell levels left.
You didn't know any spells.
Your spell library contained the following spells:

 Spells                   Type           Power        Failure   Level
 Corona                   Hex            #......      38%         1
 Sandblast                Erth           #.....       38%         1
 Sting                    Tmut/Pois      #...         38%         1
 Ensorcelled Hibernation  Hex/Ice        #.....       52%         2
 Passwall                 Tmut/Erth      #.......     52%         2
 Poisonous Vapours        Pois/Air       #.....       52%         2
 Confusing Touch          Hex            #.......     77%         3
 Dazzling Flash           Conj/Hex       #.....       77%         3
 Ignite Poison            Fire/Tmut/Pois #.......     77%         3
 Mephitic Cloud           Conj/Pois/Air  #.......     77%         3
 Stone Arrow              Conj/Erth      #.....       77%         3
 Tukima's Dance           Hex            #.......     77%         3
 Leda's Liquefaction      Hex/Erth       #.........   99%         4
 Olgreb's Toxic Radiance  Pois           #.......     99%         4
 Petrify                  Tmut/Erth      #.......     99%         4
 Bolt of Magma            Conj/Fire/Erth #.........   100%        5
 Lee's Rapid Deconstruct  Erth           #.........   100%        5
 Summon Demon             Summ           #.........   100%        5
 Summon Forest            Summ/Tloc      #.........   100%        5
 Summon Mana Viper        Hex/Summ       #.......     100%        5
 Iron Shot                Conj/Erth      #.........   100%        6
 Shadow Creatures         Summ           N/A          100%        6
 Statue Form              Tmut/Erth      #........    100%        6
 Summon Hydra             Summ           #.........   100%        7
 Shatter                  Erth           #.........   100%        9


Dungeon Overview and Level Annotations

Branches:
Dungeon (13/15)            Temple (1/1) D:7            Lair (6/6) D:11
  Swamp (0/4) Lair:3        Snake (0/4) Lair:3        Slime (0/5) Lair:6
    Orc (0/2) D:9         Volcano (visited)
 Vaults: D:13-14

Altars:
Ashenzari
Cheibriados
Dithmenos
Elyvilon
Fedhas
Gozag
Hepliaklqana
Kikubaaqudgha
Makhleb
Nemelex Xobeh
Okawaru
Qazlal
Ru
Sif Muna
Trog
Uskayaw
Vehumet
Wu Jian
Xom
Yredelemnul
Zin
The Shining One

Shops:
D:4 [   D:9 }

Annotations:
D:4 Grinder
D:8 exclusions: oklob plant and oklob sapling
Lair:1 1 runed translucent door, Neriamm's ghost, journeyman HOFi
Lair:2 Sonja


Innate Abilities, Weirdness & Mutations

You are completely covered in rugged brown scales. (AC +3, +7% HP)
You have supernaturally acute eyesight. (SInv)
Armour fits poorly on your strangely shaped body.
You can roll at foes to attack.
You have a long armoured tail.


Message History

The fire giant zombie is severely damaged.
The fire giant zombie hits you but does no damage.
You slice the fire giant zombie!!
The fire giant zombie is almost destroyed.
You slash the fire giant zombie!
The fire giant zombie is almost destroyed.
The fire giant zombie hits you!
* * * LOW HITPOINT WARNING * * *
You slice the fire giant zombie!!
You destroy the fire giant zombie!
Okawaru accepts your kill.
You barely miss the necromancer.
The necromancer hits you but does no damage.
You hit the necromancer.
You feel better.
The necromancer is lightly wounded.
You closely miss the necromancer.
The necromancer is lightly wounded.
The necromancer casts a spell at you. The bolt of cold hits you!!
You die...

.......#........#
.......'........#
..############........#
...................####
...................#
.8.8...#######.....#
.......#.....#.....#
.......#.....'.....#
.P.....#@....#.....#
.8.....p.....#.....#
P......#.....#.....#
...8...#.....#.....#
..8....#######.....#
.PP.8.. ......# P......
.....# ......# ..8...


You could see a necromancer.

Vanquished Creatures
  A fire dragon (Volcano)
  Josephine (D:11)
  4 hydras
  Erica (Lair:1)
  A merfolk avatar (Lair:6)
  2 centaur warriors
  2 ogre magi (D:15)
  A catoblepas (Lair:5)
  7 two-headed ogres
  17 death yaks (Lair:6)
  Urug (D:10)
  A vampire mage (D:15)
  A fire crab (Lair:4)
  6 skeletal warriors
  A lindwurm (Volcano)
  An orc knight (D:15)
  A deep elf mage (D:15)
  A frost giant zombie (D:15)
  A fire giant zombie (D:15)
  2 oklob plants (D:11)
  A cyclops (D:15)
  A centaur zombie (D:12)
  4 manticores
  14 elephants
  Joseph (D:10)
  6 black mambas (Lair:5)
  A molten gargoyle (Volcano)
  2 gargoyles
  11 cane toads
  Maggie (D:7)
  A centaur skeleton (D:15)
  5 rime drakes
  An efreet (D:15)
  11 komodo dragons
  A troll (D:9)
  A guardian mummy (D:15)
  2 polar bears (Lair:6)
  4 hornets
  16 blink frogs
  A wind drake (Lair:6)
  7 hippogriffs
  An ettin zombie (D:15)
  A bog body (Lair:3)
  10 dream sheep
  2 basilisks
  A steam dragon (Volcano)
  6 wraiths
  2 fire bats (Volcano)
  6 humans (D:6)
  4 wyverns
  25 yaks
  A vampire mosquito (D:15)
  4 nagas (Lair:3)
  14 water moccasins
  5 hell hounds
  10 porcupines
  Duvessa (D:7)
  7 orc warriors
  3 ice beasts
  4 black bears
  An eye of draining (D:11)
  15 ogres
  3 phantoms
  18 wolves
  8 centaurs
  5 crocodiles
  2 big kobolds
  14 bullfrogs
  Dowan (D:6)
  2 scorpions
  2 wyvern skeletons
  A water moccasin skeleton (D:12)
  7 wights
  A howler monkey (D:10)
  A bullfrog zombie (D:9)
  5 lava snakes (Volcano)
  6 orc priests
  11 orc wizards
  8 hounds
  Crazy Yiuf (D:6)
  2 jellies
  A gnoll shaman (D:6)
  An iguana (D:11)
  16 worker ants
  2 hound zombies (D:8)
  2 worker ant zombies
  13 adders
  4 gnolls
  A shadow imp (D:5)
  3 white imps
  An ufetubus (D:7)
  3 oozes
  An adder zombie (D:5)
  3 adder skeletons
  A worm (D:3)
  4 dart slugs
  3 leopard geckos
  45 orcs
  5 giant cockroaches
  12 goblins
  9 hobgoblins
  9 jackals
  19 kobolds
  4 quokkas
  8 ball pythons
  5 bats
  2 frilled lizards
  A jackal zombie (D:9)
  11 rats
  3 plants
558 creatures vanquished.

Vanquished Creatures (others)
  A wraith (D:10)
  A bush (D:8)
  10 fungi (Lair:6)
  27 plants
  A withered plant (D:15)
40 creatures vanquished.

Grand Total: 598 creatures vanquished

Notes
Turn   | Place    | Note
-------+----------+-------------------------------------------
     0 | D:1      | kae the Palentonga Fighter began the quest for the Orb.
     0 | D:1      | Reached XP level 1. HP: 19/19 MP: 1/1
    34 | D:1      | Reached XP level 2. HP: 23/25 MP: 2/2
   379 | D:1      | Reached skill level 3 in Long Blades
   568 | D:1      | Reached XP level 3. HP: 29/31 MP: 3/3
  1537 | D:2      | Reached XP level 4. HP: 39/39 MP: 4/4
  2208 | D:3      | Reached skill level 4 in Long Blades
  2454 | D:3      | Reached XP level 5. HP: 44/44 MP: 5/5
  3002 | D:4      | Reached skill level 5 in Long Blades
  3015 | D:4      | Found Hukyweash's Antique Armour Shop.
  3125 | D:4      | Reached XP level 6. HP: 24/52 MP: 6/6
  3745 | D:5      | Entered Level 5 of the Dungeon
  3745 | D:5      | Noticed Grinder
  3866 | D:5      | Reached skill level 6 in Long Blades
  4109 | D:5      | Reached skill level 5 in Fighting
  4113 | D:5      | Reached XP level 7. HP: 15/59 MP: 7/7
  4573 | D:5      | Reached skill level 7 in Long Blades
  5252 | D:6      | Noticed a human
  5256 | D:6      | Noticed a human
  5260 | D:6      | Noticed a human
  5260 | D:6      | Noticed a human
  5263 | D:6      | Noticed a human
  5278 | D:6      | Noticed a human
  5279 | D:6      | Killed a human
  5279 | D:6      | Reached skill level 8 in Long Blades
  5279 | D:6      | Reached XP level 8. HP: 38/68 MP: 8/8
  5316 | D:6      | Reached skill level 9 in Long Blades
  5324 | D:6      | HP: 3/69 [gnoll (6)]
  6161 | D:6      | Reached XP level 9. HP: 68/77 MP: 9/9
  6207 | D:6      | Found a shimmering blue altar of Sif Muna.
  6407 | D:6      | Found a runed translucent door.
  6408 | D:6      | Noticed Crazy Yiuf
  6653 | D:6      | Killed Crazy Yiuf
  6806 | D:7      | Reached skill level 10 in Long Blades
  6998 | D:7      | Noticed Maggie
  7023 | D:7      | Killed Maggie
  7028 | D:7      | HP: 2/79 [worker ant (3)]
  7408 | D:7      | Noticed Dowan
  7411 | D:7      | Noticed Duvessa
  7426 | D:7      | Killed Duvessa
  7468 | D:7      | Found a staircase to the Ecumenical Temple.
  7943 | D:6      | Killed Dowan
  8030 | Temple   | Entered the Ecumenical Temple
  8274 | Temple   | Became a worshipper of Warmaster Okawaru
  8480 | D:7      | Reached skill level 11 in Long Blades
  8480 | D:7      | Reached skill level 1 in Invocations
  8567 | D:7      | Found a shadowy altar of Dithmenos.
  8571 | D:7      | Found an ancient bone altar of Kikubaaqudgha.
  8575 | D:7      | Found a basalt altar of Yredelemnul.
  8858 | D:8      | Reached * piety under Okawaru
  9567 | D:8      | Reached XP level 10. HP: 78/87 MP: 12/12
 10006 | D:8      | Found a blossoming altar of Fedhas.
 10021 | D:8      | Noticed an oklob plant
 10271 | D:9      | Found Fergh's Gadget Emporium.
 10615 | D:9      | Found a staircase to the Orcish Mines.
 10808 | D:9      | Reached skill level 12 in Long Blades
 10935 | D:9      | Reached ** piety under Okawaru
 11382 | D:10     | Entered Level 10 of the Dungeon
 11385 | D:10     | Noticed Urug
 11398 | D:10     | Reached skill level 5 in Invocations
 11497 | D:10     | Killed Urug
 11838 | D:10     | Reached *** piety under Okawaru
 11878 | D:10     | Reached XP level 11. HP: 52/96 MP: 13/15
 11894 | D:10     | Reached skill level 13 in Long Blades
 12122 | D:10     | Noticed Joseph
 12137 | D:10     | Killed Joseph
 12494 | D:11     | Reached skill level 10 in Fighting
 12610 | D:11     | Noticed Josephine
 12620 | D:11     | Killed Josephine
 12654 | D:11     | Noticed a skeletal warrior
 12654 | D:11     | Noticed a skeletal warrior
 12654 | D:11     | Noticed a skeletal warrior
 13025 | D:11     | Noticed a skeletal warrior
 13047 | D:11     | Killed a skeletal warrior
 13106 | D:10     | Killed a skeletal warrior
 13106 | D:10     | Reached **** piety under Okawaru
 13408 | D:11     | Noticed a skeletal warrior
 13427 | D:11     | Killed a skeletal warrior
 13614 | D:11     | Killed a skeletal warrior
 13911 | D:11     | Killed a skeletal warrior
 13911 | D:11     | Reached skill level 14 in Long Blades
 14015 | D:11     | Noticed an oklob plant
 14018 | D:11     | Noticed an oklob plant
 14190 | D:11     | Found a staircase to the Lair.
 14746 | D:12     | Reached ***** piety under Okawaru
 14746 | D:12     | Noticed a centaur warrior
 15594 | D:11     | Killed a centaur warrior
 16150 | D:12     | Reached XP level 12. HP: 90/105 MP: 15/18
 16457 | D:12     | Found a sacrificial altar of Ru.
 16534 | D:12     | Noticed a two-headed ogre
 16538 | D:12     | Killed a two-headed ogre
 16587 | D:12     | Noticed a two-headed ogre
 16606 | D:12     | Killed a two-headed ogre
 17848 | Lair:1   | Entered Level 1 of the Lair of Beasts
 18108 | Lair:1   | Noticed Erica
 18115 | Lair:1   | Killed Erica
 18115 | Lair:1   | Reached skill level 15 in Long Blades
 18498 | Lair:1   | Found a runed translucent door.
 18505 | Lair:1   | Noticed Neriamm's ghost (journeyman HOFi)
 18600 | Lair:1   | Received a gift from Okawaru
 19007 | Lair:2   | Noticed a six-headed hydra
 19013 | Lair:2   | Killed a four-headed hydra
 19264 | Lair:2   | Found a dark tunnel.
 19287 | Volcano  | Entered a volcano
 19683 | Volcano  | Found a burning altar of Makhleb.
 20086 | Volcano  | Noticed a fire dragon
 20365 | Volcano  | Killed a fire dragon
 20404 | Volcano  | Reached skill level 16 in Long Blades
 21181 | Lair:2   | Noticed Sonja
 21570 | Lair:2   | Reached XP level 13. HP: 92/115 MP: 19/19
 21752 | Lair:3   | Found a staircase to the Swamp.
 21854 | Lair:3   | Found a staircase to the Snake Pit.
 22603 | Lair:3   | Received a gift from Okawaru
 23378 | Lair:4   | Identified a scroll of acquirement
 23378 | Lair:4   | Acquired 950 gold pieces
 24182 | Lair:4   | Reached skill level 17 in Long Blades
 24514 | Lair:5   | Found a hazy altar of Hepliaklqana.
 26154 | Lair:6   | Entered Level 6 of the Lair of Beasts
 26923 | Lair:6   | Found a staircase to the Slime Pits.
 27511 | Lair:6   | Received a gift from Okawaru
 27523 | Lair:6   | Got a masterwork great sword {god gift}
 27524 | Lair:6   | Identified the +1 great sword of Xuotiamn {vamp, rN+ MR+
                  | Str+2 Dex-4} (Okawaru gifted it to you on level 6 of the
                  | Lair of Beasts)
 27570 | Lair:6   | Reached skill level 18 in Long Blades
 27572 | Lair:6   | Reached XP level 14. HP: 126/126 MP: 17/20
 28084 | Lair:6   | HP: 4/128 [elephant (16)]
 28536 | Lair:6   | Received a gift from Okawaru
 28938 | Lair:6   | Reached skill level 19 in Long Blades
 28948 | Lair:6   | Reached ****** piety under Okawaru
 29541 | D:13     | You fall into a shaft and drop 2 floors!
 29541 | D:15     | Entered Level 15 of the Dungeon
 29649 | D:15     | Reached XP level 15. HP: 116/135 MP: 21/21
 29925 | D:15     | Received a gift from Okawaru
 30046 | D:15     | HP: 2/135 [fire giant zombie (7)]
 30050 | D:15     | Killed from afar by a necromancer

Illustrated notes

Levels and vault maps discovered:
D:1:      wander_arrival_peaceful_grave, layout_basic, serial_curves,
          eino_curves_04, eino_curves_01, grunt_decor_one_mirror
D:2:      minmay_razor_zed, layout_basic, minmay_shallow_snake_nest
D:3:      layout_basic
D:4:      layout_basic, serial_shops, shop
D:5:      layout_loops_ring, uniq_grinder
D:6:      layout_loops_ring, lemuel_crystal_altar, minmay_ruffians,
          uniq_crazy_yiuf_cottage
D:7:      layout_basic, minmay_overflow_temple_star_quad,
          minmay_temple_entry_proselytizer, uniq_duvessa, uniq_maggie
D:8:      layout_basic, corexii_checkpoint_a, introduction_to_nature_2
D:9:      layout_irregular_city, orc_0_dummy, serial_shops, nicolae_shop_crystal
D:10:     layout_cave_pools, chequers_serial_rivers_micro_d,
          minmay_starry_boxes, uniq_urug, uniq_joseph
D:11:     layout_basic, dpeg_oklobed_lair, uniq_josephine
D:12:     layout_gridville, basic_altar
D:13:     layout_grid_maze, grunt_vaults_entry_tiered,
          minmay_unpleasant_kobolds, uniq_rupert, uniq_frances, uniq_kirke
D:15:     gammafunk_depths_entry_grave, layout_irregular_city,
          chequers_serial_rivers_micro_a, minmay_sticks_and_stones
Temple:   dpeg_five_rooms_temple
Lair:1:   layout_roguey, ebering_ghost_inner_flame, serial_bayou_pond_c,
          chequers_serial_rivers_small_b, uniq_erica
Lair:2:   layout_chaotic_city, enter_volcano_3, grunt_megastairs_3, uniq_sonja
Lair:3:   layout_regular_city, skrybe_swamp_entry_bodies,
          minmay_snake_entry_guardpost_small
Lair:4:   layout_gridlike
Lair:5:   beast_lair_carwin_large_2, layout_cave_pods, basic_altar
Lair:6:   gammafunk_lair_ancient_temple, layout_gridlike, slime_dummy,
          grunt_megastairs_5

Skill      XL: |  1  2  3  4  5  6  7  8  9 10 11 12 13 14 |
---------------+-------------------------------------------+-----
Long Blades    | 3 4 5 6 8 9 11 12 14 16 18 19 | 19.8
Fighting       | 4 5 6 7 8 9 10 12 13 14 | 14.9
Invocations    | 2 5 8 |  8.0
Armour         | |  2.4
Shields        | |  2.4

Action                   |  1- 3 |  4- 6 |  7- 9 | 10-12 | 13-15 || total
-------------------------+-------+-------+-------+-------+-------++-------
Melee: Long sword        |   112 |   146 |   352 |       |       ||   610
       Tailslap          |    13 |    20 |    61 |   145 |   125 ||   364
       Falchion          |       |       |    94 |   773 |       ||   867
       Unarmed           |       |       |    30 |       |       ||    30
       Triple sword      |       |       |       |    42 |   248 ||   290
       Scimitar          |       |       |       |     8 |       ||     8
       Great sword       |       |       |       |       |   433 ||   433
Invok: Heroism           |       |       |       |    30 |    22 ||    52
       Finesse           |       |       |       |       |     1 ||     1
 Abil: Rolling Charge    |    19 |    23 |    11 |    49 |    15 ||   117
Evoke: Wand              |       |     2 |       |     3 |       ||     5
       Condenser vane    |       |       |       |     1 |       ||     1
  Use: Scroll            |     4 |     5 |     4 |    17 |    13 ||    43
       Potion            |       |       |     1 |     1 |     2 ||     4
 Stab: Invisible         |       |       |       |     6 |       ||     6
       Sleeping          |       |       |       |     1 |     3 ||     4
Armor: Scale mail        |    46 |    50 |   180 |   293 |       ||   569
       Steam dragon scal |       |       |       |    25 |   352 ||   377
Dodge: Dodged            |    15 |    25 |    86 |   120 |   229 ||   475
Block: Kite shield       |    48 |    46 |   163 |   285 |       ||   542
       Rpst.: Long sword |     1 |     6 |    14 |       |       ||    21
       Falchion          |       |       |     6 |    26 |       ||    32
       Triple sword      |       |       |       |     6 |    40 ||    46
       Great sword       |       |       |       |       |    17 ||    17

Table legend: (Time is in decaauts)
 A = Elapsed time spent in this place.
 B = Non-inter-level travel time spent in this place.
 C = Inter-level travel time spent in this place.
 D = Time resting spent in this place.
 E = Time spent auto-exploring this place.
 F = Levels seen in this place.
 G = Mean time per level.
                   A        B        C        D        E       F      G
               +--------+--------+--------+--------+--------+-----+--------+
         Total |  29861 |  29005 |    856 |   9256 |  15916 |  22 | 1357.3 |
       Dungeon |  18003 |  17531 |    472 |   5837 |   9210 |  14 | 1285.9 |
        Temple |    277 |    191 |     86 |      0 |    189 |   1 |  277.0 |
          Lair |  10151 |   9854 |    297 |   2806 |   5965 |   6 | 1691.8 |
       Volcano |   1428 |   1428 |      0 |    613 |    552 |   1 | 1428.0 |
               +--------+--------+--------+--------+--------+-----+--------+

Top non-repeatable levels by time:
  Lair:5: 3399 daAuts
    D:11: 3260 daAuts
     D:5: 1913 daAuts
  Lair:6: 1742 daAuts
  Lair:3: 1675 daAuts
    D:10: 1627 daAuts
     D:8: 1485 daAuts
     D:9: 1468 daAuts
     D:6: 1443 daAuts
 Volcano: 1428 daAuts
  Lair:2: 1408 daAuts
     D:7: 1267 daAuts
    D:12: 1261 daAuts
     D:2: 1159 daAuts
     D:4: 1086 daAuts
